 Dungeon Crawl Stone Soup version 0.27-a0-1513-g2aaa0cc67b (webtiles) character file.

Game seed: 6163069197345125325

85 blackman the Skirmisher (level 4, -13/33 HPs)
             Began as a Human Monk on July 9, 2021.
             Mangled by a polar bear (15 damage)
             ... created by the rage of Trog
             ... on level 2 of the Dungeon.
             The game lasted 00:06:19 (11115 turns).

blackman the Skirmisher (Human Monk)               Turns: 11115, Time: 00:06:19

Health: -13/33     AC:  3    Str: 12    XL:     4   Next: 75%
Magic:  4/4        EV: 13    Int: 10    God:
Gold:   113        SH:  0    Dex: 16    Spells: 3/3 levels left

rFire    . . .     SeeInvis .   a - +0 falchion
rCold    . . .     Faith    .   (no shield)
rNeg     . . .     Spirit   .   b - +1 robe
rPois    .         Reflect  .   (helmet restricted)
rElec    .         Harm     .   (no cloak)
rCorr    .         Rampage  .   (no gloves)
Will     .....                  (no boots)
Stlth    ++........             (no amulet)
HPRegen  0.11/turn              (no ring)
MPRegen  0.09/turn              (no ring)

@: bezotted
A: antennae 1, frail 1
a: no special abilities


You were on level 2 of the Dungeon.
You visited 1 branch of the dungeon, and saw 2 of its levels.

You collected 113 gold pieces.

Inventory:

Hand Weapons
 a - a +0 falchion (weapon)
Armour
 b - a +1 robe (worn)
Jewellery
 c - a ring of positive energy
Scrolls
 d - a scroll of identify
 i - a scroll of magic mapping
Potions
 e - a potion of brilliance


   Skills:
 + Level 4.2 Fighting
 + Level 4.1 Long Blades
 - Level 3.0 Dodging
 - Level 2.0 Stealth


You had 3 spell levels left.
You didn't know any spells.
Your spell library contained the following spells:

 Spells                   Type           Power      Damage    Failure   Level
 Corpse Rot               Necr/Air       N/A        N/A       50%         2
 Ensorcelled Hibernation  Hex/Ice        0%         N/A       50%         2
 Spider Form              Tmut/Pois      0%         N/A       75%         3
 Dispel Undead            Necr           0%         3d6       98%         4
 Death Channel            Necr           0%         N/A       100%        6
 Shadow Creatures         Summ           N/A        N/A       100%        6


Dungeon Overview and Level Annotations

Branches:
Dungeon (2/15)

Altars:
Cheibriados
Nemelex Xobeh


Innate Abilities, Weirdness & Mutations

You have a pair of small antennae on your head.
You are frail. (-10% HP)


Message History

The endoplasm is severely wounded.
The endoplasm misses you.
You hit the endoplasm.
You kill the endoplasm!
No target in view!
No target in view!
Nemelex Xobeh makes you draw from the deck of Punishment.
You draw a card...
You have drawn Wrath.
Trog sends monsters to punish you.
Found a stone staircase leading down. 4 polar bears come into view.
As you read the scroll labelled LILACU PUKETYR, it crumbles to dust.
It is a scroll of enchant armour.
Your +0 robe glows green for a moment.
You closely miss the polar bear. The polar bear completely misses you.
The polar bear claws you. x2; The polar bear misses you.
You riposte.
You hit the polar bear but do no damage.
The polar bear claws you. x2
It was a potion of mutation.
You feel extremely strange.
You feel frail. A pair of antennae grows on your head!
The polar bear closely misses you. The polar bear claws you. x2
The polar bear closely misses you. The polar bear claws you.
The polar bear completely misses you. The polar bear misses you.
You riposte.
You hit the polar bear.
The polar bear is lightly wounded.
The polar bear claws you but does no damage. x2
The polar bear closely misses you. The polar bear claws you. x2
It was a potion of curing.
You feel better. The polar bear misses you.
You riposte.
You hit the polar bear.
The polar bear is lightly wounded.
The polar bear claws you. The polar bear barely misses you.
The polar bear completely misses you. The polar bear claws you.
* * * LOW HITPOINT WARNING * * *
The polar bear claws you.
* * * LOW HITPOINT WARNING * * *
You closely miss the polar bear.
The polar bear is lightly wounded.
The polar bear rages.
The polar bear bites you!
You die...

.###.#.# #.# #.###. #.
#.#.# #.# #.# #. #.
#.#.###.####.# #. #
#.#..........# #. .#.
#.#####.###### #. ....
#.# #. #..>
##.########.
#...#######...........
#.hh@hh.....#########
###########.#########
#..........
###########


You could see 4 polar bears.

Vanquished Creatures
  An adder (D:2)
  3 orcs (D:2)
  3 ball pythons
  8 bats
  10 endoplasms
  6 giant cockroaches (D:1)
  6 hobgoblins
  6 jackals (D:1)
  4 kobolds
  3 quokkas
  2 frilled lizards (D:2)
  3 goblins
  7 rats
62 creatures vanquished.

Notes
Turn   | Place    | Note
-------+----------+-------------------------------------------
     0 | D:1      | blackman the Human Monk began the quest for the Orb.
     0 | D:1      | Reached XP level 1. HP: 18/18 MP: 1/1
     1 | D:1      | Found a runed translucent door.
   235 | D:1      | Reached XP level 2. HP: 17/24 MP: 2/2
   922 | D:1      | Reached XP level 3. HP: 27/29 MP: 3/3
  1626 | D:1      | Reached XP level 4. HP: 5/37 MP: 4/4
  2380 | D:2      | Found a faded altar of an unknown god.
  2427 | D:2      | Became a worshipper of Nemelex Xobeh the Trickster
  2427 | D:2      | Reached * piety under Nemelex Xobeh
  2427 | D:2      | Received a gift from Nemelex Xobeh
  2427 | D:2      | Reached ** piety under Nemelex Xobeh
  2427 | D:2      | Received a gift from Nemelex Xobeh
  2429 | D:2      | Fell from the grace of Nemelex Xobeh
  2463 | D:2      | Found a snail-covered altar of Cheibriados.
 10981 | D:2      | Glimpsed the power of Zot.
 11111 | D:2      | Noticed a polar bear
 11111 | D:2      | Noticed a polar bear
 11111 | D:2      | Noticed a polar bear
 11111 | D:2      | Noticed a polar bear
 11113 | D:2      | Gained mutation: You are frail. (-10% HP) [potion of
                  | mutation]
 11113 | D:2      | Gained mutation: You have a pair of small antennae on your
                  | head. [potion of mutation]
 11115 | D:2      | Mangled by a polar bear

Illustrated notes

Levels and vault maps discovered:
D:1:      dpeg_arrival_caged_fury, layout_basic, dk_noncrumbling_4,
          minmay_misc_feat_square
D:2:      layout_loops_ring, dreamdust_ecumenical_altar_angels_and_demons,
          basic_altar, uniq_terence

Skill      XL: |  1  2  3  4 |
---------------+-------------+-----
Fighting       | 4 |  4.2
Long Blades    | 4 |  4.1
Dodging        | |  3.0
Stealth        | |  2.0

Action                   |  1- 3 |  4- 6 || total
-------------------------+-------+-------++-------
Melee: Falchion          |    97 |    67 ||   164
Invok: Renounce Religion |       |     1 ||     1
  Use: Scroll            |     4 |     1 ||     5
       Potion            |     1 |     2 ||     3
 Stab: Sleeping          |     9 |     3 ||    12
Armor: Robe              |    19 |    16 ||    35
Dodge: Dodged            |    76 |    48 ||   124
       Rpst.: Falchion   |    26 |     8 ||    34

Table legend: (Time is in decaauts)
 A = Elapsed time spent in this place.
 B = Non-inter-level travel time spent in this place.
 C = Inter-level travel time spent in this place.
 D = Time resting spent in this place.
 E = Time spent auto-exploring this place.
 F = Levels seen in this place.
 G = Mean time per level.
                   A        B        C        D        E       F      G
               +--------+--------+--------+--------+--------+-----+--------+
         Total |  11134 |  11085 |     49 |   8653 |   1965 |   2 | 5567.0 |
       Dungeon |  11134 |  11085 |     49 |   8653 |   1965 |   2 | 5567.0 |
               +--------+--------+--------+--------+--------+-----+--------+

Top non-repeatable levels by time:
     D:2: 8899 daAuts
     D:1: 2234 daAuts
